AoeStats
← Wenneshow

Arabia

507371464Analyzed
4v4 RM · 13d ago on Sep 17, 2026· 19m 29s· 8 players
Game mode
Random Map
Map size
Large (8 player)
Population
200
Speed
Normal
Resources
Standard
Victory
Conquest
Starting age
Dark Age
Ending age
Imperial Age
RankedLock teamsTeams togetherTeam positionsShared explorationLock speedFull tech treeHidden civsTurbo modeCheats
Victory
Defeat
🇦🇷 Magyars · Argentina
1398
+8
🇦🇷 Ethiopians · Argentina
1276
+12
🇦🇷 Mongols · Argentina
1273
+12
🇦🇷 Persians · Argentina
1160
+17
🇦🇷 Lithuanians · Argentina
1223
-13
🇸🇪 Japanese · Sweden
1195
-12
🇺🇸 Magyars · United States
1182
-12
🇳🇱 Magyars · Netherlands
1175
-12
RecklessMF
7:02 Loom
10:05 Feudal Age
16:16 Double-Bit Axe
EL TÍO TUPAKIER
6:17 Loom
8:52 Feudal Age
9:21 Double-Bit Axe
14:12 Horse Collar
15:40 Forging
Wenneshow
7:27 Loom
9:40 Feudal Age
10:13 Man-at-Arms
10:46 Double-Bit Axe
18:32 Fletching
xKingViper
6:52 Loom
9:12 Feudal Age
9:44 Double-Bit Axe
12:53 Horse Collar
21:10 Castle Age
Pipo
9:01 Feudal Age
8:19 Loom
9:56 Double-Bit Axe
10:49 Horse Collar
21:56 Castle Age
Hago una granja y voy
6:46 Loom
9:52 Feudal Age
10:39 Double-Bit Axe
10:48 Horse Collar
16:35 Forging
Alejandro Manco
4:59 Loom
9:00 Feudal Age
9:28 Double-Bit Axe
17:07 Town Watch
samuel_ojeda
7:13 Loom
9:13 Feudal Age
9:26 Man-at-Arms
16:41 Fletching
Connection lost

Rejoining the realm…

Still unreachable

The connection could not be restored.

Session expired

The server has moved on; the page needs a fresh start.